 Dungeon Crawl Stone Soup version 0.16-a0-324-g99bef82 (webtiles) character file.

16 PolkaDot the Caller (level 2, 0/19 HPs)
             Began as a Vampire Summoner on Sept 3, 2014.
             Slain by a jackal (2 damage)
             ... on Level 2 of the Dungeon.
             The game lasted 00:03:15 (1442 turns).

PolkaDot the Caller (Vampire Summoner)              Turns: 1442, Time: 00:03:15

HP   0/19        AC  1     Str  7      XL: 2   Next: 41%
MP   0/4         EV 12     Int 17      God:
Gold 40          SH  0     Dex 14      Spells:  2 memorised,  2 levels left

rFire  . . .     SeeInvis +     (no weapon)
rCold  . . .     Clarity  .     d - -1 robe (curse)
rNeg   + . .     rCorr    .     (no shield)
rPois  .         rRot     .     (no helmet)
rElec  .         Spirit   .     (no cloak)
SustAb .         Warding  .     (no gloves)
rMut   .         Stasis   .     (no boots)
Gourm  .                        (no amulet)
MR     .....                    (no ring)
                                (no ring)

@: not resistant to hostile enchantments, unstealthy
A: fangs 3, see invisible, unbreathing
a: no special abilities


You were on level 2 of the Dungeon.
You were not thirsty.

You visited 1 branch of the dungeon, and saw 2 of its levels.

You collected 40 gold pieces.

Inventory:

Armour
 a - a +0 robe
 d - a cursed -1 robe (worn)
Scrolls
 f - a scroll of recharging {unknown}
 g - a scroll of amnesia {unknown}
 h - a scroll of identify {unknown}
 i - a scroll of enchant weapon {unknown}
 j - a scroll of remove curse {unknown}
Potions
 c - 2 potions of invisibility {unknown}
 e - a potion of lignification {unknown}
 k - a potion of flight {unknown}
Books
 b - a book of Callings

   Spells                             Type                      Level
   *Summon Small Mammal               Summoning                    1
   *Call Imp                          Summoning                    2
   Call Canine Familiar               Summoning                    3
   Summon Guardian Golem              Hexes/Summoning              4
   Summon Lightning Spire             Summoning/Air                4
   Summon Ice Beast                   Ice/Summoning                4


   Skills:
 - Level 2.1 Dodging
 - Level 3.0 Stealth
 - Level 2.0 Spellcasting
 * Level 4.6 Summonings


You had 2 spell levels left.
You knew the following spells:

 Your Spells              Type           Power        Failure   Level  Hunger
a - Summon Small Mammal   Summ           ###.         2%          1    #......
s - Call Imp              Summ           ###.....     4%          2    ###....


Dungeon Overview and Level Annotations

Branches:
Dungeon (2/15)

Altars:


Innate Abilities, Weirdness & Mutations

You have razor-sharp teeth.
You have supernaturally acute eyesight.
You can survive without breathing.


Message History

The jackal is almost dead.
The jackal bites you.
* * * LOW HITPOINT WARNING * * *
The jackal barely misses you. The jackal closely misses you.
Your iron imp hits the jackal.
The jackal dies!
The rat barely misses you. The jackal barely misses you.
You hit the rat but do no damage. The rat barely misses you.
The jackal closely misses you.
Your iron imp barely misses the rat.
You hit the jackal.
The jackal is lightly wounded.
The jackal misses you.
Your shadow imp misses the jackal.
The rat bites you.
* * * LOW HITPOINT WARNING * * *
Your iron imp closely misses the rat.
The jackal bites you but does no damage.
You swap places.
Your shadow imp barely misses the jackal.
The rat completely misses your shadow imp.
The jackal bites you.
You die...

#.....# #..<..#
#.....# #######<....#
............##
#...........#
#...........#
#.>.........#########.
...........@5r.......
.........##h5#####.#
.........##%.#
.....#####.... ###.
#.#[.# #. .......
...<... ...... ..#


You could see a jackal, a rat, a friendly iron imp and a friendly shadow imp.

Vanquished Creatures
  2 giant cockroaches (D:1)
  2 hobgoblins (D:1)
  2 bats (D:1)
  A giant newt (D:1)
  A rat (D:1)
8 creatures vanquished.

Vanquished Creatures (collateral kills)
  An ooze (D:1)
  A goblin (D:1)
  2 hobgoblins (D:1)
  A jackal (D:2)
  A bat (D:2)
  2 kobolds (D:1)
  2 rats (D:1)
10 creatures vanquished.

Vanquished Creatures (others)
  A bat (D:1)
1 creature vanquished.

Grand Total: 19 creatures vanquished

Notes
Turn   | Place    | Note
--------------------------------------------------------------
     0 | D:1      | PolkaDot, the Vampire Summoner, began the quest for the Orb.
     0 | D:1      | Reached XP level 1. HP: 13/13 MP: 3/3
   602 | D:1      | Reached XP level 2. HP: 17/19 MP: 4/4
   609 | D:1      | Learned a level 2 spell: Call Imp
  1442 | D:2      | Slain by a jackal

Action                   || total
-------------------------++-------
Melee: Unarmed           ||    63
 Cast: Summon Small Mamm ||    16
       Call Imp          ||    10
  Use: Potion            ||     1
 Stab: Sleeping          ||     3
       Distracted        ||     1
  Eat: Corpse            ||     5
